 Dungeon Crawl Stone Soup version 0.29.1-1-gd02db6906a (webtiles) character file.

Game seed: 6341381314547215988

58 MisterFreud the Covert (level 4, -3/41 HPs)
             Began as a Gnoll Delver on Oct 6, 2022.
             Slain by Grinder (6 damage)
             ... on level 6 of the Dungeon.
             The game lasted 00:00:44 (61 turns).

MisterFreud the Covert (Gnoll Delver)                 Turns: 61, Time: 00:00:44

Health: -3/41      AC:  3    Str: 11    XL:     4   Next: 1%
Magic:  5/5        EV: 13    Int: 11    God:
Gold:   0          SH:  0    Dex: 14    Spells: 5/5 levels left

rFire   . . .      SeeInvis .   a - +0 short sword
rCold   . . .      Faith    .   (no shield)
rNeg    . . .      Spirit   .   b - +0 leather armour
rPois   .          Reflect  .   (no helmet)
rElec   .          Harm     .   (no cloak)
rCorr   .          Rampage  .   (no gloves)
Will    .....                   (no boots)
Stlth   ++++......              (no amulet)
HPRegen 0.13/turn               (no ring)
MPRegen 0.09/turn               (no ring)

@: hasted, very quick
A: fangs 1, strong nose, distributed training
a: no special abilities


You were on level 6 of the Dungeon.
You visited 1 branch of the dungeon, and saw 2 of its levels.

Inventory:

Hand Weapons
 a - a +0 short sword (weapon)
Armour
 b - a +0 leather armour (worn)
Wands
 g - a wand of digging (3)
Scrolls
 c - a scroll of fog
 d - a scroll of magic mapping
 e - a scroll of fear
 h - a scroll of vulnerability {unknown}


   Skills:
 + Level 6.6 Fighting
 + Level 4.6 Short Blades
 + Level 1.0 Long Blades
 + Level 1.0 Axes
 + Level 1.0 Maces & Flails
 + Level 1.0 Polearms
 + Level 1.0 Staves
 + Level 1.0 Ranged Weapons
 + Level 1.0 Throwing
 + Level 1.0 Armour
 + Level 4.6 Dodging
 + Level 9.6 Stealth
 + Level 1.0 Shields
 + Level 1.0 Unarmed Combat
 + Level 1.0 Spellcasting
 + Level 0.8 Conjurations
 + Level 0.8 Hexes
 + Level 0.8 Summonings
 + Level 0.8 Necromancy
 + Level 0.8 Translocations
 + Level 0.8 Transmutations
 + Level 0.8 Fire Magic
 + Level 0.8 Ice Magic
 + Level 0.8 Air Magic
 + Level 0.8 Earth Magic
 + Level 0.8 Poison Magic
 + Level 1.1 Invocations
 + Level 1.0 Evocations


You had 5 spell levels left.
You didn't know any spells.
Your spell library was empty.

Dungeon Overview and Level Annotations

Branches:
Dungeon (6/15)
 Temple: D:4-7

Altars:

Annotations:
D:6 Grinder


Innate Abilities, Weirdness & Mutations

You have very sharp teeth.
Your uncanny sense of smell can sniff out nearby items.
Your experience applies equally to all skills.


Message History

Okay, then.
Unknown command.
You feel yourself speed up. Grinder hits you!
You writhe in agony.
You hit Grinder. You bite Grinder.
Grinder is lightly wounded.
Grinder hits you.
You writhe in agony.
You hit Grinder.
Grinder is lightly wounded.
Grinder hits you.
You hit Grinder.
Grinder is moderately wounded.
You hit Grinder.
Grinder is moderately wounded.
Grinder hits you!
You writhe in agony.
* * * LOW HITPOINT WARNING * * *
You hit Grinder but do no damage.
Grinder is moderately wounded.
You hit Grinder.
Grinder is moderately wounded.
Grinder misses you.
You aren't carrying any potions.
You hit Grinder.
Grinder is heavily wounded.
Grinder barely misses you.
You hit Grinder. Your bite misses Grinder.
Grinder is heavily wounded.
You hit Grinder but do no damage. You bite Grinder.
Grinder is heavily wounded.
Grinder hits you.
* * * LOW HITPOINT WARNING * * *
You writhe in agony.
* * * LOW HITPOINT WARNING * * *
Unknown command.
You completely miss Grinder.
Grinder is heavily wounded.
Unknown command.
You hit Grinder but do no damage.
Grinder is heavily wounded.
Grinder hits you.
You die...

... ....
..............#....
.
.........#....#....
..
........##...##...
..
##......##...#..##.#
#............#.....
#............).#
##............@.#
.............5#..#
.....#.#...##.##.#
... ###....#...... .
#...........##
...###...........#
#..........###....
#..5........# #...
............## .#?


You could see Grinder.

Vanquished Creatures
  A scorpion (D:6)
  An orc (D:6)
2 creatures vanquished.

Notes
Turn   | Place    | Note
-------+----------+-------------------------------------------
     0 | D:5      | Reached skill level 9 in Stealth
     0 | D:5      | MisterFreud the Gnoll Delver began the quest for the Orb.
     0 | D:5      | Reached XP level 1. HP: 23/23 MP: 1/1
     4 | D:6      | Noticed a scorpion
     9 | D:6      | Killed a scorpion
    10 | D:6      | Reached skill level 1 in Long Blades
    10 | D:6      | Reached skill level 1 in Axes
    10 | D:6      | Reached skill level 1 in Maces & Flails
    10 | D:6      | Reached skill level 1 in Polearms
    10 | D:6      | Reached skill level 1 in Staves
    10 | D:6      | Reached skill level 1 in Ranged Weapons
    10 | D:6      | Reached skill level 1 in Throwing
    10 | D:6      | Reached skill level 1 in Armour
    10 | D:6      | Reached skill level 1 in Shields
    10 | D:6      | Reached skill level 1 in Unarmed Combat
    10 | D:6      | Reached skill level 1 in Spellcasting
    10 | D:6      | Reached skill level 1 in Invocations
    10 | D:6      | Reached skill level 1 in Evocations
    10 | D:6      | Reached XP level 2. HP: 29/29 MP: 1/3
    10 | D:6      | Reached XP level 3. HP: 35/35 MP: 1/4
    16 | D:6      | Noticed Grinder
    18 | D:6      | Paralysed by Grinder for 3 turns
    50 | D:6      | Reached XP level 4. HP: 40/41 MP: 5/5
    61 | D:6      | Slain by Grinder

Illustrated notes

Levels and vault maps discovered:
D:5:      layout_cave_pools, fedhas_ov_isle_minmay,
          nicolae_wu_jian_immortal_techniques, mainiacjoe_overflow_paths,
          nicolae_shop_clearance, uniq_edmund, uniq_eustachio
D:6:      layout_cave_pools, mainiacjoe_overflow_alcove_2, jmf_multi_god_temple,
          uniq_grinder

Skill      XL: |  1 |
---------------+----+-----
Stealth        | |  9.6
Long Blades    | 1 |  1.0
Axes           | 1 |  1.0
Maces & Flails | 1 |  1.0
Polearms       | 1 |  1.0
Staves         | 1 |  1.0
Ranged Weapons | 1 |  1.0
Throwing       | 1 |  1.0
Armour         | 1 |  1.0
Shields        | 1 |  1.0
Unarmed Combat | 1 |  1.0
Spellcasting   | 1 |  1.0
Invocations    | 1 |  1.1
Evocations     | 1 |  1.0
Fighting       | |  6.6
Short Blades   | |  4.6
Dodging        | |  4.6
Conjurations   | |  0.8
Hexes          | |  0.8
Summonings     | |  0.8
Necromancy     | |  0.8
Translocations | |  0.8
Transmutations | |  0.8
Fire Magic     | |  0.8
Ice Magic      | |  0.8
Air Magic      | |  0.8
Earth Magic    | |  0.8
Poison Magic   | |  0.8

Action                   |  1- 3 |  4- 6 || total
-------------------------+-------+-------++-------
Melee: Short sword       |     7 |    11 ||    18
       Bite              |     2 |     2 ||     4
  Use: Potion            |       |     1 ||     1
 Stab: Sleeping          |     1 |       ||     1
Dodge: Dodged            |     3 |     2 ||     5
